 Dungeon Sprint DCSS version 0.16-a0-3827-g034e2a6 (console) character file.

31041 Monkaria the Orcish Blade (level 13, -1/132 HPs)
             Began as a Hill Orc Fighter on Jan 29, 2015.
             Was a Plaything of Xom.
             Killed from afar by a fire giant (21 damage)
             ... with a bolt of fire
             ... in the Dungeon (Sprint IX: "|||||||||||||||||||||||||||||").
             The game lasted 00:21:15 (6056 turns).

Monkaria the Orcish Blade (Hill Orc Fighter)        Turns: 6056, Time: 00:21:15

Health: -1/132     AC: 30    Str: 23      XL:     13   Next: 55%
Magic:  22/22      EV: 10    Int:  6 (8)  God:    Xom [......]
Gold:   1611       SH: 13    Dex: 16      Spells: 0 memorised, 12 levels left

rFire  . . .     SeeInvis .     A - +4 scimitar (flame)
rCold  + . .     Rnd*Rage +     e - +4 chain mail of Fortitude {rPois- rC+ Str+4 Dex+2}
rNeg   + . .     SustAb   .     c - +0 shield
rPois  +         Gourm    .     J - +2 helmet
rElec  .         Spirit   .     L - +2 cloak {+Inv}
rCorr  .         Warding  .     p - +0 pair of gloves
rMut   .         NoTele   +     C - +1 pair of boots
MR     +....                    (no amulet)
Stlth  ..........               E - ring of poison resistance
                                a - ring "Yklaeruo" {rPois+ rN+ MP+9 Str-5 Dex+4 Slay+2}

@: exhausted, slowed, very slow, somewhat resistant to hostile enchantments,
extremely unstealthy
A: hooves 1, berserk 1, blurry vision 1, magic resistance 1
a: Renounce Religion, Evoke Invisibility


You were in the Dungeon.
You worshipped Xom.
You were a very special plaything of Xom.
You were near starving.

You visited 1 branch You collected 1905 gold pieces.
You spent 294 gold pieces at shops.

Inventory:

Hand weapons
 A - a +4 scimitar of flaming (weapon)
Missiles
 g - 4 curare-tipped needles
 y - 8 tomahawks (quivered)
Armour
 c - a +0 shield (worn)
 e - the +4 chain mail of Fortitude (worn) {rPois- rC+ Str+4 Dex+2}
   (You bought it in a shop in the Dungeon)

   It affects your strength (+4).
   It affects your dexterity (+2).
   It protects you from cold.
   It makes you vulnerable to poison.
 p - a +0 pair of gloves (worn)
 v - a fire dragon hide
 C - a +1 pair of boots (worn)
 I - a +2 plate armour
 J - a +2 helmet (worn)
 K - a +0 mottled dragon armour
 L - a +2 cloak of invisibility (worn)
 M - a +1 ice dragon armour
Jewellery
 a - the ring "Yklaeruo" (left hand) {rPois+ rN+ MP+9 Str-5 Dex+4 Slay+2}
   (You found it in the Dungeon)

   [ring of dexterity]

   It affects your strength (-5).
   It affects your dexterity (+4).
   It affects your accuracy and damage with ranged weapons and melee attacks
   (+2).
   It protects you from poison.
   It protects you from negative energy.
   It affects your magic capacity (+9).
 s - a +3 ring of intelligence
 t - a +2 ring of protection
 E - a ring of poison resistance (right hand)
 F - an uncursed ring of protection from cold
 G - an uncursed ring of protection from cold
 H - an uncursed ring of protection from cold
Magical devices
 n - a wand of cold (0)
 w - a wand of frost (7)
 z - a wand of frost (27)
Scrolls
 b - 2 scrolls of recharging
 l - 4 scrolls of remove curse
 m - 2 scrolls of amnesia
 u - a scroll of fog
 x - a scroll of identify
 P - 2 scrolls of fear
Potions
 f - 2 potions of curing
 h - 2 potions of haste
 i - 4 potions of magic
 j - a potion of might
 N - a potion of brilliance
 O - a potion of agility
Comestibles
 d - 13 meat rations
 r - 39 fruits
 B - 12 bread rations


   Skills:
 - Level 17.1 Fighting
 - Level 25.4 Long Blades
 - Level 17.2 Armour
 + Level 4.3 Dodging
 - Level 10.5 Shields


You had 12 spell levels left.
You didn't know any spells.

Dungeon Overview and Level Annotations

Branches:
Dungeon (1/1)

Altars:
Cheibriados
Dithmenos
Elyvilon
Fedhas
Gozag
Kikubaaqudgha
Makhleb
Nemelex Xobeh
Okawaru
Qazlal
Ru
Sif Muna
Trog
Vehumet
Xom
Yredelemnul
Zin
The Shining One
Beogh
Jiyva
Lugonu

Shops:
D [[:[

Annotations:
D Sonja


Innate Abilities, Weirdness & Mutations

You have large cloven feet.
You tend to lose your temper in combat.
Scrolls take you a little longer to read.
You are resistant to hostile enchantments.


Message History

a spear; a robe You feel a strong urge to attack something.
You hear Xom's avuncular chuckle.
The cyan very ugly thing evaporates and reforms as a titan!
The deep elf demonologist mumbles some strange words.
There is an open door to the Dungeon, spattered with blood here.
You hear a bellow!
The fire giant gestures at you while chanting.
The bolt of fire hits you!
* * * LOW HITPOINT WARNING * * *
You feel your anger subside.
You are no longer berserk.
You are exhausted.
You feel yourself slow down.
You are near starving!
You hear an angry growl.
The fire giant gestures at you while chanting.
The bolt of fire hits you!
You die...
Xom howls with laughter!
NN NN N N N

∆ ∆∆∆∆∆ ▓▓▓▓▓▓▓ T C.....
▓▓▓▓▓▓▓▓▓▓▓▓▓▓▓▓▓▓▓▓▓▓▓▓▓▓▓▓▓
hiCQTe41C)'..@..........§...▓
▓▓▓▓▓▓▓▓▓▓▓▓▓▓▓▓▓▓▓▓▓▓▓▓▓▓▓▓▓▓.▓
.....................§§§§.§§§§§▓
♣♣♣♣♣♣▓▓▓▓▓▓▓▓▓▓▓▓▓▓▓▓▓▓▓▓▓▓▓▓▓▓
.....'.....)()))...............▓
♣♣♣♣♣♣▓▓▓▓▓▓▓▓▓▓▓▓▓▓▓▓▓▓▓▓▓▓▓▓.▓
...............................▓
▓▓▓▓▓▓▓▓▓▓▓▓▓▓▓▓▓▓▓▓▓▓▓▓▓▓▓▓▓▓▓▓
[[[.....)))))))).....'.........▓


You could see a Shadow Fiend, a fire giant, a deep elf demonologist and a
sixfirhy.

Vanquished Creatures
  An emperor scorpion (D)
  A ghost moth (D)
  Azrael (D)
  A dire elephant (D)
  A fire dragon (D)
  A merfolk impaler (D)
  3 hydras (D)
  A satyr (shapeshifter) (D)
  An anaconda (D)
  A centaur warrior (D)
  An ogre mage (D)
  A deep troll shaman (D)
  5 orc high priests (D)
  A sun demon (D)
  Erolcha (D)
  A shock serpent (D)
  A sea snake (D)
  A hell knight (D)
  A shambling mangrove (D)
  A hill giant (D)
  3 orc knights (D)
  An orc sorcerer (D)
  A wolf spider (D)
  2 ugly things (D)
  A black mamba (D)
  A hornet (D)
  A griffon (D)
  A water nymph (D)
  Joseph (D)
  3 spiny frogs (D)
  A torpor snail (D)
  4 naga magi (D)
  Psyche (D)
  A demonic crawler (D)
  2 merfolk (D)
  A giant leech (D)
  A red devil (D)
  A bog body (D)
  3 snapping turtles (D)
  2 blink frogs (D)
  A slime creature (D)
  2 trapdoor spiders (D)
  2 hungry ghosts (D)
  A deep elf mage (D)
  3 fire elementals (D)
  A vampire (D)
  A vampire mosquito (D)
  3 wolves (D)
  A warg (D)
  A water moccasin (D)
  A naga (D)
  6 hell hounds (D)
  6 orc warriors (D)
  A wasp (D)
  2 porcupines (D)
  A boggart (shapeshifter) (D)
  A centaur (D)
  A boring beetle (D)
  2 crocodiles (D)
  4 giant frogs (D)
  2 scorpions (D)
  A jelly (D)
  A hound (D)
  An orc wizard (D)
  2 iguanas (D)
  2 orc priests (D)
  A worker ant (D)
  3 adders (D)
  A river rat (D)
  3 ufetubi (D)
  15 orcs (D)
  A bat zombie (D)
  A giant cockroach (D)
  A hobgoblin (D)
  A kobold (D)
  A bat (D)
  A giant newt (D)
  A giant spore (D)
  2 quokka skeletons (D)
  A rat (D)
141 creatures vanquished.

Vanquished Creatures (collateral kills)
  A necromancer (D)
  An orc sorcerer (D)
  A steam dragon (shapeshifter) (D)
  4 orc warriors (D)
7 creatures vanquished.

Vanquished Creatures (others)
  An ogre mage (D)
  A deep elf summoner (D)
  A kobold demonologist (D)
  A hell hound (D)
  2 quasits (D)
  An orc wizard (D)
  A white imp (D)
  2 fungi (D)
  A plant (D)
11 creatures vanquished.

Grand Total: 159 creatures vanquished

Notes
Turn   | Place    | Note
--------------------------------------------------------------
     0 | D        | Monkaria, the Hill Orc Fighter, began the quest for the Orb.
     0 | D        | Reached XP level 1. HP: 19/19 MP: 1/1
    12 | D        | Reached skill level 4 in Fighting
    25 | D        | Noticed a worker ant
    25 | D        | Noticed an iguana
    34 | D        | Killed an iguana
    34 | D        | Reached skill level 5 in Fighting
    34 | D        | Reached skill level 5 in Long Blades
    34 | D        | Reached XP level 2. HP: 8/29 MP: 2/2
    34 | D        | Reached XP level 3. HP: 10/36 MP: 3/3
    43 | D        | Killed a worker ant
    43 | D        | Reached skill level 6 in Fighting
    49 | D        | Found a glowing silver altar of Zin.
    49 | D        | Found a glowing golden altar of the Shining One.
    49 | D        | Found an ancient bone altar of Kikubaaqudgha.
    49 | D        | Found a basalt altar of Yredelemnul.
    49 | D        | Found a shimmering altar of Xom.
    49 | D        | Found a radiant altar of Vehumet.
    49 | D        | Found an iron altar of Okawaru.
    50 | D        | Found a burning altar of Makhleb.
    51 | D        | Found a deep blue altar of Sif Muna.
    52 | D        | Found a bloodstained altar of Trog.
    53 | D        | Found a sparkling altar of Nemelex Xobeh.
    54 | D        | Found a white marble altar of Elyvilon.
    55 | D        | Found a roughly hewn altar of Beogh.
    56 | D        | Became a worshipper of Xom of Chaos
    57 | D        | Found a viscous altar of Jiyva.
    58 | D        | Found a corrupted altar of Lugonu.
    59 | D        | Found a blossoming altar of Fedhas.
    60 | D        | Found a snail-covered altar of Cheibriados.
    61 | D        | Found a shadowy altar of Dithmenos.
    62 | D        | Found a stormy altar of Qazlal.
    63 | D        | Found an opulent altar of Gozag.
    64 | D        | Found a sacrificial altar of Ru.
   299 | D        | Noticed a scorpion
   299 | D        | Noticed a giant frog
   299 | D        | Noticed an iguana
   299 | D        | Noticed a jelly
   299 | D        | Noticed a giant frog
   300 | D        | XOM: potion effect (brilliance)
   305 | D        | XOM: potion effect (agility)
   307 | D        | Killed a giant frog
   307 | D        | Reached skill level 7 in Fighting
   307 | D        | Reached skill level 8 in Long Blades
   307 | D        | Reached XP level 4. HP: 36/47 MP: 4/4
   307 | D        | Reached XP level 5. HP: 39/52 MP: 5/5
   309 | D        | XOM: potion effect (invisibility)
   311 | D        | XOM: harmless Fire miscast
   312 | D        | Killed a jelly
   312 | D        | Reached skill level 9 in Long Blades
   321 | D        | XOM: potion effect (agility)
   327 | D        | Killed an iguana
   327 | D        | Reached skill level 10 in Long Blades
   329 | D        | Killed a giant frog
   329 | D        | Reached XP level 6. HP: 40/63 MP: 6/6
   335 | D        | Killed a scorpion
   335 | D        | Reached skill level 11 in Long Blades
   456 | D        | Noticed an orc wizard
   456 | D        | Noticed a centaur warrior
   456 | D        | Noticed a kobold demonologist
   456 | D        | Noticed a hound
   458 | D        | Killed a hound
   460 | D        | Noticed a sun demon
   463 | D        | Killed a kobold demonologist
   463 | D        | Reached skill level 10 in Fighting
   463 | D        | Reached skill level 12 in Long Blades
   463 | D        | Killed an orc wizard
   463 | D        | Reached XP level 7. HP: 35/73 MP: 7/7
   463 | D        | XOM: smoke on damage
   463 | D        | Killed a centaur warrior
   463 | D        | Reached skill level 14 in Long Blades
   463 | D        | Reached XP level 8. HP: 18/83 MP: 8/8
   546 | D        | XOM: divination: detect creatures
   840 | D        | Got the ring "Yklaeruo" {rPois+ rN+ MP+9 Str-5 Dex+4 Slay+2}
   855 | D        | Noticed a spiny frog
   855 | D        | Noticed a seven-headed hydra
   855 | D        | Noticed a porcupine
   855 | D        | Noticed a five-headed hydra
   855 | D        | Noticed a crocodile
   859 | D        | Killed a crocodile
   861 | D        | XOM: potion effect (curing)
   862 | D        | Noticed a porcupine
   865 | D        | Noticed a boring beetle
   868 | D        | Killed a one-headed hydra
   868 | D        | Reached skill level 17 in Long Blades
   871 | D        | Killed a porcupine
   871 | D        | Reached XP level 9. HP: 66/90 MP: 9/9
   875 | D        | XOM: divination: magic mapping
   881 | D        | XOM: blink monster(s)
   882 | D        | Killed a three-headed hydra
   882 | D        | Reached skill level 10 in Armour
   883 | D        | XOM: blink monster(s)
   887 | D        | XOM: confuse monster(s)
   889 | D        | Killed a porcupine
   889 | D        | XOM: harmless Conj miscast
   892 | D        | XOM: blink monster(s)
   898 | D        | XOM: medium Conj miscast
   903 | D        | Killed a boring beetle
   905 | D        | XOM: mild Necr miscast
   909 | D        | XOM: enchant monster (good)
   911 | D        | Killed a spiny frog
  1146 | D        | Noticed a giant frog
  1146 | D        | Noticed a spiny frog
  1146 | D        | Noticed a blink frog
  1146 | D        | Noticed a blink frog
  1146 | D        | Noticed a crocodile
  1147 | D        | Noticed a spiny frog
  1153 | D        | Killed a crocodile
  1156 | D        | Noticed a porcupine
  1169 | D        | a porcupine changed into a wasp
  1169 | D        | XOM: polymorph porcupine -> wasp
  1176 | D        | Killed a blink frog
  1177 | D        | XOM: swap monsters
  1180 | D        | XOM: confuse monster(s)
  1182 | D        | Killed a spiny frog
  1182 | D        | Reached XP level 10. HP: 43/97 MP: 10/10
  1195 | D        | Killed a spiny frog
  1199 | D        | Killed a giant frog
  1212 | D        | Killed a blink frog
  1523 | D        | XOM: give mutations
  1523 | D        | Gained mutation: Your mind is acute. (Int +2) [Xom's grace]
  1523 | D        | Gained mutation: You have large cloven feet. [Xom's grace]
  1713 | D        | Noticed a wolf
  1713 | D        | Noticed a warg
  1713 | D        | Noticed a wolf
  1713 | D        | Noticed a hell hound
  1714 | D        | Noticed a wolf
  1714 | D        | Noticed a hell hound
  1715 | D        | XOM: summons 2 friendly demons
  1716 | D        | Killed a hell hound
  1716 | D        | XOM: divine lightning (protected)
  1717 | D        | Noticed a hell hound
  1717 | D        | Killed a wolf
  1720 | D        | Noticed a hell hound
  1720 | D        | Killed a warg
  1725 | D        | Killed a hell hound
  1728 | D        | XOM: summons friendly quasit
  1731 | D        | Killed a hell hound
  1731 | D        | Reached skill level 15 in Armour
  1741 | D        | Killed a hell hound
  1742 | D        | Killed a wolf
  1749 | D        | Killed a wolf
  1936 | D        | Noticed Joseph
  1961 | D        | Killed Joseph
  2011 | D        | Noticed Erolcha
  2020 | D        | Killed Erolcha
  2023 | D        | XOM: give mutations
  2023 | D        | Gained mutation: You are resistant to hostile enchantments. [Xom's mischief]
  2023 | D        | Gained mutation: Scrolls take you a little longer to read. [Xom's mischief]
  2194 | D        | XOM: harmless Fire miscast
  2210 | D        | Noticed an orc warrior
  2210 | D        | Noticed an orc wizard
  2210 | D        | Noticed an orc warrior
  2210 | D        | Noticed an orc priest
  2211 | D        | Killed an orc priest
  2217 | D        | Killed an orc warrior
  2222 | D        | Killed an orc warrior
  2223 | D        | Killed an orc wizard
  2233 | D        | Noticed an orc priest
  2241 | D        | Killed an orc priest
  2278 | D        | Noticed an orc warrior
  2278 | D        | Noticed an orc warrior
  2278 | D        | Noticed an orc warrior
  2278 | D        | Noticed an orc warrior
  2278 | D        | Noticed an orc warrior
  2278 | D        | Noticed an orc warrior
  2278 | D        | Noticed an orc warrior
  2279 | D        | XOM: mild Hex miscast
  2280 | D        | Noticed an orc high priest
  2280 | D        | XOM: confuse monster(s)
  2281 | D        | Killed an orc warrior
  2282 | D        | Noticed an orc sorcerer
  2283 | D        | Killed an orc warrior
  2284 | D        | Killed an orc warrior
  2285 | D        | Noticed an orc warrior
  2286 | D        | Noticed an orc knight
  2288 | D        | Killed an orc warrior
  2288 | D        | Reached skill level 5 in Shields
  2289 | D        | Killed an orc warrior
  2290 | D        | Noticed an orc warrior
  2292 | D        | an orc warrior changed into an iguana
  2292 | D        | XOM: polymorph orc warrior -> iguana
  2298 | D        | Killed an orc warrior
  2299 | D        | XOM: confuse monster(s)
  2302 | D        | Killed an orc warrior
  2308 | D        | Killed an orc high priest
  2308 | D        | Reached XP level 11. HP: 95/104 MP: 11/11
  2308 | D        | Killed an orc warrior
  2309 | D        | XOM: vitrification
  2310 | D        | Noticed Psyche
  2310 | D        | Noticed a torpor snail
  2310 | D        | Noticed a shambling mangrove
  2311 | D        | Noticed a scorpion
  2311 | D        | Noticed a purple ugly thing
  2311 | D        | Killed an orc sorcerer
  2312 | D        | Noticed a fire elemental
  2312 | D        | Noticed a centaur
  2314 | D        | Noticed a hell hound
  2315 | D        | Noticed a hell hound
  2316 | D        | Noticed a hornet
  2319 | D        | Killed an orc knight
  2319 | D        | Reached skill level 10 in Shields
  2320 | D        | Noticed a demonic crawler
  2354 | D        | Noticed a wolf spider
  2375 | D        | Found Imarur's Antique Armour Boutique.
  2375 | D        | Noticed an orc knight
  2375 | D        | Noticed an orc high priest
  2375 | D        | Noticed an orc high priest
  2378 | D        | Noticed an orc high priest
  2386 | D        | Noticed a sun demon
  2387 | D        | Found Kleff's Book Shop.
  2389 | D        | Noticed an orc knight
  2396 | D        | Killed an orc high priest
  2406 | D        | Gained mutation: You tend to lose your temper in combat. [a neqoxec]
  2407 | D        | Killed an orc high priest
  2422 | D        | Found Asseep's Armour Boutique.
  2422 | D        | XOM: swap monsters
  2429 | D        | Killed an orc knight
  2430 | D        | Noticed an orc high priest
  2430 | D        | Found Sevaxt's Armour Shop.
  2436 | D        | Noticed a sun demon
  2436 | D        | Noticed an orc sorcerer
  2438 | D        | Killed an orc high priest
  2438 | D        | Reached skill level 15 in Fighting
  2446 | D        | Killed an orc high priest
  2453 | D        | Killed an orc sorcerer
  2464 | D        | Killed an orc knight
  2502 | D        | Noticed Azrael
  2693 | D        | Bought a crude chain mail for 294 gold pieces
  2722 | D        | Identified the +4 chain mail of Fortitude {rPois- rC+ Str+4 Dex+2} (You bought it in a shop in the Dungeon)
  2735 | D        | Noticed Sonja
  2937 | D        | XOM: mild Erth miscast
  3008 | D        | Noticed a trapdoor spider
  3010 | D        | Noticed a deep elf mage
  3018 | D        | Killed Psyche
  3019 | D        | Noticed a vampire
  3112 | D        | Noticed a vampire mosquito
  3157 | D        | Noticed a hill giant
  3157 | D        | Noticed a hungry ghost
  3157 | D        | Noticed a hungry ghost
  3161 | D        | Noticed a giant frog
  3161 | D        | XOM: summons 2 hostile demons
  3166 | D        | Killed a purple ugly thing
  3170 | D        | Killed a centaur
  3172 | D        | XOM: confusion
  3179 | D        | Noticed a dire elephant
  3183 | D        | Noticed a deep troll earth mage
  3183 | D        | Killed a vampire
  3184 | D        | XOM: harmless Summ miscast
  3188 | D        | Killed a hungry ghost
  3190 | D        | Noticed a necromancer
  3191 | D        | XOM: silly message
  3194 | D        | Killed a hungry ghost
  3195 | D        | XOM: enchant monster (good)
  3197 | D        | Killed a hill giant
  3197 | D        | Reached skill level 18 in Long Blades
  3208 | D        | Killed a deep elf mage
  3208 | D        | Reached XP level 12. HP: 71/125 MP: 12/12
  3216 | D        | Killed a giant frog
  3217 | D        | XOM: confuse monster(s)
  3221 | D        | Killed a necromancer
  3223 | D        | Killed a dire elephant
  3223 | D        | Reached skill level 19 in Long Blades
  3230 | D        | Noticed a satyr
  3230 | D        | a deep troll earth mage changed into a satyr
  3230 | D        | XOM: polymorph deep troll earth mage -> satyr
  3234 | D        | Killed a satyr
  3236 | D        | Noticed a slime creature
  3246 | D        | Killed a slime creature
  3247 | D        | Noticed a fire dragon
  3283 | D        | XOM: destruction
  3448 | D        | Killed a fire dragon
  3448 | D        | Reached skill level 20 in Long Blades
  3736 | D        | Noticed a trapdoor spider
  3755 | D        | Noticed a hell knight
  3756 | D        | Noticed a deep troll shaman
  3769 | D        | Killed a hell knight
  3776 | D        | Killed a deep troll shaman
  3889 | D        | Noticed a hell hound
  3890 | D        | Noticed a fire elemental
  3899 | D        | XOM: fog
  3914 | D        | Killed a hell hound
  3922 | D        | Killed a fire elemental
  3966 | D        | XOM: vitrification
  3967 | D        | Noticed a freezing wraith
  3967 | D        | Noticed a merfolk
  3967 | D        | Noticed a snapping turtle
  3967 | D        | Noticed a griffon
  3967 | D        | Noticed a sea snake
  3968 | D        | Noticed a fire elemental
  3969 | D        | XOM: fog
  3973 | D        | XOM: confuse monster(s)
  3976 | D        | Killed a fire elemental
  3987 | D        | Killed Azrael
  3987 | D        | Reached skill level 21 in Long Blades
  3988 | D        | Killed a hell hound
  3991 | D        | Killed a hell hound
  4001 | D        | Killed a fire elemental
  4085 | D        | Noticed a vault sentinel
  4086 | D        | Noticed a deep elf knight
  4087 | D        | Noticed a deep elf fighter
  4088 | D        | Noticed a vault sentinel
  4089 | D        | Noticed a yaktaur
  4089 | D        | Noticed a merfolk impaler
  4090 | D        | Noticed an ogre mage
  4090 | D        | Noticed a merfolk
  4091 | D        | Noticed a necromancer
  4091 | D        | Noticed a snapping turtle
  4092 | D        | Noticed an orc knight
  4092 | D        | Noticed a snapping turtle
  4093 | D        | Noticed a water nymph
  4108 | D        | Noticed a giant leech
  4109 | D        | Noticed a bog body
  4110 | D        | Noticed an emperor scorpion
  4162 | D        | Noticed a mana viper
  4162 | D        | Noticed a naga mage
  4162 | D        | Noticed an anaconda
  4162 | D        | Noticed a black mamba
  4162 | D        | Noticed a naga mage
  4162 | D        | Noticed a naga mage
  4162 | D        | Noticed a naga mage
  4163 | D        | Noticed a shock serpent
  4166 | D        | XOM: blink monster(s)
  4171 | D        | Noticed a naga
  4172 | D        | XOM: potion effect (haste)
  4175 | D        | Killed a naga mage
  4176 | D        | XOM: divination: detect items
  4183 | D        | XOM: divination: detect creatures
  4184 | D        | Killed a shock serpent
  4185 | D        | Killed a black mamba
  4188 | D        | XOM: potion effect (brilliance)
  4191 | D        | Killed a naga mage
  4196 | D        | Killed a naga mage
  4196 | D        | Reached skill level 22 in Long Blades
  4202 | D        | XOM: potion effect (invisibility)
  4203 | D        | Killed an anaconda
  4208 | D        | XOM: snakes to sticks
  4209 | D        | Killed a naga mage
  4213 | D        | Killed a naga
  4261 | D        | XOM: vitrification
  4262 | D        | Noticed a deep troll earth mage
  4262 | D        | Noticed a deep elf demonologist
  4262 | D        | Noticed a fire giant
  4262 | D        | Noticed a two-headed ogre
  4262 | D        | Noticed a deep elf summoner
  4262 | D        | Noticed an ogre mage
  4262 | D        | Noticed an ogre mage
  4262 | D        | Noticed a cyan ugly thing
  4278 | D        | a two-headed ogre changed into a polar bear
  4594 | D        | Noticed a seven-headed hydra
  4594 | D        | Noticed a water moccasin
  4597 | D        | Killed a water moccasin
  4601 | D        | Killed a three-headed hydra
  4605 | D        | Killed a bog body
  4670 | D        | XOM: silly message
  4672 | D        | XOM: summons friendly quasit
  4675 | D        | Killed a giant leech
  4680 | D        | Killed a vampire mosquito
  4680 | D        | Reached skill level 23 in Long Blades
  4687 | D        | Killed a shambling mangrove
  4687 | D        | Reached XP level 13. HP: 122/132 MP: 13/13
  4711 | D        | Killed a torpor snail
  4714 | D        | Killed a scorpion
  4715 | D        | XOM: mild Tloc miscast
  4720 | D        | Killed a trapdoor spider
  4725 | D        | Killed a hornet
  4726 | D        | XOM: fake destruction
  4727 | D        | Noticed a ghost moth
  4730 | D        | XOM: fake destruction
  4735 | D        | Killed a demonic crawler
  4738 | D        | Killed a wolf spider
  4743 | D        | Killed a ghost moth
  4743 | D        | Reached skill level 24 in Long Blades
  4769 | D        | Killed an emperor scorpion
  5056 | D        | XOM: mild Fire miscast
  5124 | D        | Killed a trapdoor spider
  5137 | D        | Killed a water nymph
  5149 | D        | Killed a snapping turtle
  5155 | D        | Killed a snapping turtle
  5213 | D        | XOM: noise
  5244 | D        | XOM: give mutations
  5244 | D        | Lost mutation: Your mind is acute. (Int +2) [Xom's mischief]
  5244 | D        | Gained mutation: You are robust (+10% HP). [Xom's mischief]
  5244 | D        | Lost mutation: You are robust (+10% HP). [Xom's mischief]
  5380 | D        | XOM: medium Divn miscast
  5534 | D        | Killed a merfolk impaler
  5534 | D        | Reached skill level 25 in Long Blades
  5542 | D        | Killed a merfolk
  5544 | D        | XOM: harmless Ice miscast
  5548 | D        | Killed a sea snake
  5553 | D        | Killed a griffon
  5553 | D        | XOM: confuse monster(s)
  5557 | D        | XOM: confuse monster(s)
  5559 | D        | Killed a snapping turtle
  5567 | D        | Killed a merfolk
  5916 | D        | Noticed an ironbrand convoker
  5925 | D        | XOM: colour smoke trail
  5944 | D        | Noticed a hill giant
  5945 | D        | Noticed a wizard
  5977 | D        | Noticed a tengu warrior
  5978 | D        | Noticed a cyan very ugly thing
  6020 | D        | Killed a cyan ugly thing
  6025 | D        | Killed an ogre mage
  6027 | D        | Killed an ogre mage
  6027 | D        | Killed a deep elf summoner
  6027 | D        | XOM: divine lightning (protected)
  6028 | D        | Noticed a spriggan berserker
  6042 | D        | XOM: destruction
  6053 | D        | Noticed a titan
  6053 | D        | a cyan very ugly thing changed into a titan
  6053 | D        | XOM: polymorph cyan very ugly thing -> titan
  6054 | D        | Noticed a Shadow Fiend
  6056 | D        | Killed from afar by a fire giant

Action                   |  1- 3 |  4- 6 |  7- 9 | 10-12 | 13-15 || total
-------------------------+-------+-------+-------+-------+-------++-------
Melee: Long sword        |    29 |       |       |       |       ||    29
       Scimitar          |     8 |    31 |    81 |   398 |   151 ||   669
Evoke: Wand              |       |     1 |     1 |     5 |     1 ||     8
  Use: Potion            |     2 |       |     3 |    12 |     1 ||    18
       Scroll            |       |       |       |     8 |       ||     8
 Stab: Invisible         |       |     4 |       |     8 |       ||    12
       Paralysed         |       |       |     2 |       |       ||     2
       Confused          |       |       |     1 |    10 |     3 ||    14
  Eat: Chunk             |       |       |     2 |    11 |     5 ||    18
       Fruit             |       |       |       |     1 |       ||     1
